 Dungeon Crawl Stone Soup version 0.27-a0-1189-gb8eb6cee8e (webtiles) character file.

Game seed: 15252504564601996142

21 freelancePsychic the Ruffian (level 2, 0/28 HPs)
             Began as an Ogre Transmuter on May 22, 2021.
             Was a Follower of Okawaru.
             Slain by an adder (3 damage)
             ... on level 2 of the Dungeon.
             The game lasted 00:01:53 (892 turns).

freelancePsychic the Ruffian (Ogre Transmuter)       Turns: 892, Time: 00:01:53

Health: 0/28       AC:  3    Str: 13    XL:     2   Next: 83%
Magic:  5/5        EV:  9    Int: 14    God:    Okawaru [*.....]
Gold:   99         SH:  0    Dex:  9    Spells: 4/5 levels left

rFire    . . .     SeeInvis .     - Unarmed
rCold    . . .     Faith    .   (no shield)
rNeg     . . .     Spirit   .   a - +0 robe
rPois    .         Reflect  .   (helmet restricted)
rElec    .         Harm     .   (no cloak)
rCorr    .         Rampage  .   (gloves unavailable)
Will     .....                  (boots unavailable)
Stlth    +.........             (no amulet)
HPRegen  0.09/turn              (no ring)
MPRegen  0.09/turn              (no ring)

@: lethally poisoned (0 -> -8)
A: large, unfitting armour, tough skin 1
a: Renounce Religion, Heroism


You were on level 2 of the Dungeon.
You worshipped Okawaru.
Okawaru was aware of your devotion.
You visited 1 branch of the dungeon, and saw 2 of its levels.

You collected 99 gold pieces.

Inventory:

Armour
 a - a +0 robe (worn)
Scrolls
 c - a scroll of identify {unknown}
 d - a scroll of silence {unknown}
Potions
 b - a potion of mutation {unknown}


   Skills:
 + Level 2.1 Fighting
 - Level 1.7 Dodging
 + Level 3.0 Unarmed Combat
 - Level 2.4 Spellcasting
 + Level 2.1 Transmutations
 + Level 0.8 Poison Magic


You had 4 spell levels left.
You knew the following spells:

 Your Spells              Type           Power      Damage    Failure   Level
a - Beastly Appendage     Tmut           14%        N/A       10%         1

Your spell library contained the following spells:

 Spells                   Type           Power      Damage    Failure   Level
 Wereblood                Tmut           7%         N/A       14%         2
 Spider Form              Tmut/Pois      2%         N/A       36%         3
 Ice Form                 Ice/Tmut       4%         N/A       82%         4
 Hydra Form               Tmut           3%         N/A       95%         5


Dungeon Overview and Level Annotations

Branches:
Dungeon (2/15)

Altars:
Okawaru

Shops:
D:1 :


Innate Abilities, Weirdness & Mutations

You are too large for most types of armour.
You have tough skin. (AC +1)


Message History

The adder poisons you!
You hit the adder but do no damage.
The adder is moderately wounded.
Your transformation is almost over.
You feel sick. The adder bites you.
You are more poisoned.
The adder poisons you! The adder closely misses you.
You fail to use your ability.
You feel sick. The adder barely misses you.
You closely miss the adder. Your kick misses the adder.
Your headbutt misses the adder.
The adder is lightly wounded.
You feel sick. The adder barely misses you.
You hit the adder but do no damage.
The adder is lightly wounded.
You feel sick. The adder bites you but does no damage. The adder bites you.
You closely miss the adder.
The adder is lightly wounded.
You feel sick. The adder bites you.
You are more poisoned.
The adder poisons you!
You barely miss the adder. Your kick misses the adder. You punch the adder.
The adder is moderately wounded.
You feel sick. The adder bites you but does no damage.
You completely miss the adder.
The adder is moderately wounded.
You feel sick. The adder bites you.
* * * LOW HITPOINT WARNING * * *
You are lethally poisoned!
The adder poisons you!
You closely miss the adder. Your headbutt misses the adder.
The adder is moderately wounded.
* * * LOW HITPOINT WARNING * * *
You feel very sick.
The adder bites you but does no damage. x2
You hit the adder. Your kick misses the adder. Your headbutt misses the adder.
The adder is severely wounded.
Your horns disappear.
Your talons disappear.
* * * LOW HITPOINT WARNING * * *
You feel sick. The adder bites you.
You die...

## .. ###
##.####.....
#...@S......
#..####.###.
.... ....
###


You could see an adder.

Vanquished Creatures
  A bat (D:1)
  2 endoplasms (D:1)
  7 jackals (D:1)
  2 quokkas (D:1)
  A ball python (D:1)
  A frilled lizard (D:1)
  2 goblins (D:1)
  A rat (D:1)
17 creatures vanquished.

Notes
Turn   | Place    | Note
-------+----------+-------------------------------------------
     0 | D:1      | freelancePsychic the Ogre Transmuter began the quest for
                  | the Orb.
     0 | D:1      | Reached XP level 1. HP: 19/19 MP: 3/3
   391 | D:1      | Found a faded altar of an unknown god.
   419 | D:1      | Reached XP level 2. HP: 28/28 MP: 5/5
   602 | D:1      | Found Dasmoam's Book Shoppe.
   794 | D:1      | Reached skill level 3 in Unarmed Combat
   864 | D:1      | Became a worshipper of Warmaster Okawaru
   864 | D:1      | Reached * piety under Okawaru
   892 | D:2      | Slain by an adder

Illustrated notes

Levels and vault maps discovered:
D:1:      dpeg_arrival_leaves_temple_mockup, layout_rooms, serial_shops,
          shop_coins, ebering_ecumenical_altar_webs
D:2:      layout_loops_ring, minmay_misc_feat_hallway

Skill      XL: |  1  2 |
---------------+-------+-----
Transmutations | 2 |  2.1
Fighting       | 2 |  2.1
Unarmed Combat | 3 |  3.0
Dodging        | |  1.7
Spellcasting   | |  2.4
Poison Magic   | |  0.8

Action                   || total
-------------------------++-------
Melee: Unarmed           ||    68
       Kick              ||     6
       Punch             ||     2
       Headbutt          ||     2
 Cast: Beastly Appendage ||     4
Armor: Robe              ||    19
Dodge: Dodged            ||    25

Table legend: (Time is in decaauts)
 A = Elapsed time spent in this place.
 B = Non-inter-level travel time spent in this place.
 C = Inter-level travel time spent in this place.
 D = Time resting spent in this place.
 E = Time spent auto-exploring this place.
 F = Levels seen in this place.
 G = Mean time per level.
                   A        B        C        D        E       F      G
               +--------+--------+--------+--------+--------+-----+--------+
         Total |    887 |    859 |     28 |      0 |    746 |   2 |  443.5 |
       Dungeon |    887 |    859 |     28 |      0 |    746 |   2 |  443.5 |
               +--------+--------+--------+--------+--------+-----+--------+

Top non-repeatable levels by time:
     D:1: 875 daAuts
     D:2: 12 daAuts
